Vancouver Canucks vs Winnipeg Jets
Created - Saturday, May 11, 2024 at 08:18
Goals
|
| Vancouver Canucks |
0 |
2 |
0 |
2 |
| Winnipeg Jets |
0 |
0 |
1 |
1 |
|
Shots
|
| Vancouver Canucks |
10 |
14 |
13 |
37 |
| Winnipeg Jets |
16 |
8 |
9 |
33 |
|
1st period
No Goal
Penalties :
No Penalty
2nd period
1. Vancouver Canucks , Robby Fabbri 8 (Artturi Lehkonen 28, Jacob Bryson 10) at 3:29
2. Vancouver Canucks , Aleksander Barkov 28 (Mikko Rantanen 29, Jacob Bryson 11) at 6:30
Penalties :
Calen Addison (WPG) for Tripping (Minor) at 12:18, Noah Hanifin (VAN) for Holding (Minor) at 19:29
3rd period
3. Winnipeg Jets , Lucas Raymond 20 (Jordan Harris 9, Connor McDavid 49) at 12:40
Penalties :
Ty Smith (WPG) for Hooking (Minor) at 2:28, Klim Kostin (WPG) for Hooking (Minor) at 17:26
Goalie Stats
Joonas Korpisalo (VAN), 32 saves from 33 shots - (0.970), W, 21-19-3, 60:00 minutes
Spencer Knight (WPG), 35 saves from 37 shots - (0.946), L, 14-22-9, 59:59 minutes
Players Stats for Vancouver Canucks
Player Name G A P +/- PIM S H SB GA TA FO MP PP MP PK MP
------------------------------------------------------------------------------------
Adam Boqvist 0 0 0 0 0 0 1 0 0 1 0/0 15:17 0:00 0:21
Aleksander Barkov 1 0 1 1 0 3 4 2 1 0 14/24 19:41 3:00 0:57
Anton Lundell 0 0 0 0 0 0 0 0 0 0 0/0 8:50 0:00 0:00
Artturi Lehkonen 0 1 1 0 0 6 1 0 0 1 1/2 18:51 2:31 1:02
Casey Mittelstadt 0 0 0 0 0 2 2 0 1 0 0/0 15:16 2:57 0:00
Chad Ruhwedel 0 0 0 2 0 1 2 0 0 1 0/0 20:39 2:50 1:08
Clayton Keller 0 0 0 1 0 5 0 0 1 0 1/2 20:33 2:54 1:02
Jacob Bryson 0 2 2 2 0 0 0 0 0 2 0/0 20:09 2:50 1:06
Jesperi Kotkaniemi 0 0 0 0 0 2 1 0 0 1 5/13 12:12 0:00 0:00
Justin Schultz 0 0 0 -1 0 0 1 1 0 0 0/0 14:47 0:00 0:00
Kasperi Kapanen 0 0 0 0 0 2 0 2 1 1 0/0 17:22 2:57 0:00
Mikko Rantanen 0 1 1 1 0 4 0 0 0 0 0/1 19:41 3:00 0:57
Miro Heiskanen 0 0 0 0 0 3 0 1 0 3 0/0 25:06 3:07 1:23
Noah Cates 0 0 0 0 0 1 0 0 0 0 1/2 8:50 0:00 0:00
Noah Hanifin 0 0 0 -1 2 0 2 1 0 1 0/0 24:54 3:07 0:00
Robby Fabbri 1 0 1 0 0 2 0 0 0 1 3/10 14:18 0:00 0:00
Sam Lafferty 0 0 0 0 0 3 2 1 2 0 0/0 8:50 0:00 0:00
Taylor Raddysh 0 0 0 0 0 3 3 1 0 0 0/3 12:44 0:32 0:00
Players Stats for Winnipeg Jets
Player Name G A P +/- PIM S H SB GA TA FO MP PP MP PK MP
------------------------------------------------------------------------------------
Alex DeBrincat 0 0 0 1 0 0 1 0 0 1 2/6 19:50 0:56 2:57
Andrew Cogliano 0 0 0 -2 0 1 0 0 0 0 1/1 15:30 1:03 0:00
Barclay Goodrow 0 0 0 0 0 2 1 0 1 0 0/0 12:49 0:00 0:00
Calen Addison 0 0 0 0 2 0 1 0 0 0 0/0 16:37 1:02 0:00
Connor McDavid 0 1 1 1 0 5 1 0 2 1 12/20 20:14 0:56 3:00
Dante Fabbro 0 0 0 -1 0 2 0 2 0 1 0/0 26:33 0:57 2:56
Dylan Samberg 0 0 0 0 0 0 0 2 0 0 0/0 19:37 1:02 3:01
Joel Armia 0 0 0 0 0 0 0 1 0 0 0/0 12:49 0:00 0:00
Jordan Harris 0 1 1 0 0 1 0 2 0 1 0/0 16:51 0:00 3:01
Kaapo Kakko 0 0 0 -2 0 3 1 1 0 1 0/1 15:30 1:03 0:00
Kaiden Guhle 0 0 0 -1 0 2 5 0 0 1 0/0 26:33 0:57 2:56
Klim Kostin 0 0 0 0 2 2 4 0 1 0 1/1 8:47 0:00 0:00
Lucas Raymond 1 0 1 1 0 6 2 0 6 0 1/3 19:50 0:56 2:57
Matthew Beniers 0 0 0 0 0 1 1 0 1 0 8/13 12:49 0:00 0:00
Nick Suzuki 0 0 0 -2 0 5 1 0 0 0 6/9 18:51 1:03 3:00
Pius Suter 0 0 0 0 0 2 0 0 0 0 0/0 8:30 0:00 0:00
Sam Steel 0 0 0 0 0 1 0 0 0 0 1/3 8:30 0:00 0:00
Ty Smith 0 0 0 0 2 0 0 0 1 0 0/0 13:50 0:00 0:00
3 Stars
1 - Joonas Korpisalo (VAN)
2 - Aleksander Barkov (VAN)
3 - Jacob Bryson (VAN)
Power Play
Vancouver Canucks - 0 on 3 Attempt(s) - 0.00%
Winnipeg Jets - 0 on 1 Attempt(s) - 0.00%
Penalty Kill
Vancouver Canucks - 1 on 1 Attempt(s) - 100.00%
- Score 0 goal in Penalty Kill
Winnipeg Jets - 3 on 3 Attempt(s) - 100.00%
- Score 0 goal in Penalty Kill
Team Stat
Vancouver Canucks - Hits : 19 - Faceoff Wins : 25 - Blocked Shots : 9 - Penalty Minutes : 2
Winnipeg Jets - Hits : 18 - Faceoff Wins : 32 - Blocked Shots : 8 - Penalty Minutes : 6
Official
Referees : Mike Hasenfratz and Francis Charron
Linesman : Lonnie Cameron and Mike Cvik
Game Notes
No Game Note
Finance
Level 1 -- Attendance: 5942 (99.03%) -- Ticket Income $546,664
Level 2 -- Attendance: 4319 (86.38%) -- Ticket Income $237,545
Level 3 -- Attendance: 2484 (82.80%) -- Ticket Income $74,520
Level 4 -- Attendance: 4474 (89.48%) -- Ticket Income $98,428
Luxury Box -- Attendance: 895 (89.50%) -- Ticket Income $170,050
Game was played at the MTS Centre.
Total Attendance: 18114 (90.57%)
Total Ticket Income: $1,127,207
Other Income: $394,522
Total Income: $1,521,729
Vancouver Canucks
5 vs 5 Forward
Center Left Wing Right Wing Time % Phy DF OF
1 Aleksander Barkov Clayton Keller Mikko Rantanen 30 1 2 2
2 Robby Fabbri Artturi Lehkonen Kasperi Kapanen 30 1 2 2
3 Jesperi Kotkaniemi Casey Mittelstadt Taylor Raddysh 25 1 2 2
4 Noah Cates Anton Lundell Sam Lafferty 15 1 2 2
5 vs 5 Defense
Defense Defense Time % Phy DF OF
1 Adam Boqvist Miro Heiskanen 30 1 2 2
2 Noah Hanifin Justin Schultz 30 1 2 2
3 Chad Ruhwedel Jacob Bryson 25 1 2 2
4 Noah Hanifin Miro Heiskanen 15 1 2 2
PowerPlay Forward
Center Left Wing Right Wing Time % Phy DF OF
1 Aleksander Barkov Clayton Keller Mikko Rantanen 50 1 2 2
2 Casey Mittelstadt Artturi Lehkonen Kasperi Kapanen 50 1 2 2
PowerPlay Defense
Defense Defense Time % Phy DF OF
1 Noah Hanifin Miro Heiskanen 50 1 2 2
2 Chad Ruhwedel Jacob Bryson 50 1 2 2
Penalty Kill 4 Players Forward
Center Wing Time % Phy DF OF
1 Aleksander Barkov Mikko Rantanen 50 1 2 2
2 Clayton Keller Artturi Lehkonen 50 1 2 2
Penalty Kill 4 Players Defense
Defense Defense Time % Phy DF OF
1 Noah Hanifin Miro Heiskanen 50 1 2 2
2 Chad Ruhwedel Jacob Bryson 50 1 2 2
Penalty Kill - 3 Players Forward
Forward Time % Phy DF OF
1 Aleksander Barkov 50 1 2 2
2 Mikko Rantanen 50 1 2 2
Penalty Kill - 3 Players Defense
Defense Defense Time % Phy DF OF
1 Noah Hanifin Miro Heiskanen 50 1 2 2
2 Chad Ruhwedel Adam Boqvist 50 1 2 2
4 vs 4 Forward
Center Wing Time % Phy DF OF
1 Aleksander Barkov Mikko Rantanen 50 1 2 2
2 Clayton Keller Artturi Lehkonen 50 1 2 2
4 vs 4 Defense
Defense Defense Time % Phy DF OF
1 Noah Hanifin Miro Heiskanen 50 1 2 2
2 Chad Ruhwedel Justin Schultz 50 1 2 2
Last Minutes Offensive
Center Left Wing Right Wing Defense Defense
Aleksander Barkov Clayton Keller Mikko Rantanen Noah Hanifin Miro Heiskanen
Last Minutes Defensive
Center Left Wing Right Wing Defense Defense
Aleksander Barkov Clayton Keller Mikko Rantanen Noah Hanifin Miro Heiskanen
Goaltenders
Starting : Joonas Korpisalo
Backup : Ville Husso
Extra Forwards
Normal : Taylor Raddysh, Anton Lundell, Jesperi Kotkaniemi - PP : Taylor Raddysh, Anton Lundell - PK : Jesperi Kotkaniemi
Extra Defensemen
Normal : Miro Heiskanen, Jacob Bryson, Chad Ruhwedel - PP : Noah Hanifin - PK : Jacob Bryson, Chad Ruhwedel
Penalty Shots
Aleksander Barkov, Mikko Rantanen, Clayton Keller, Artturi Lehkonen, Casey Mittelstadt
Winnipeg Jets
5 vs 5 Forward
Center Left Wing Right Wing Time % Phy DF OF
1 Connor McDavid Alex DeBrincat Lucas Raymond 30 1 2 2
2 Nick Suzuki Andrew Cogliano Kaapo Kakko 30 1 2 2
3 Matthew Beniers Barclay Goodrow Joel Armia 25 1 2 2
4 Sam Steel Pius Suter Klim Kostin 15 1 2 2
5 vs 5 Defense
Defense Defense Time % Phy DF OF
1 Dante Fabbro Kaiden Guhle 30 1 2 2
2 Dylan Samberg Calen Addison 30 1 2 2
3 Jordan Harris Ty Smith 25 1 2 2
4 Dante Fabbro Kaiden Guhle 15 1 2 2
PowerPlay Forward
Center Left Wing Right Wing Time % Phy DF OF
1 Connor McDavid Alex DeBrincat Lucas Raymond 50 1 2 2
2 Nick Suzuki Andrew Cogliano Kaapo Kakko 50 1 2 2
PowerPlay Defense
Defense Defense Time % Phy DF OF
1 Dante Fabbro Kaiden Guhle 50 1 2 2
2 Dylan Samberg Calen Addison 50 1 2 2
Penalty Kill 4 Players Forward
Center Wing Time % Phy DF OF
1 Connor McDavid Nick Suzuki 50 1 2 2
2 Alex DeBrincat Lucas Raymond 50 1 2 2
Penalty Kill 4 Players Defense
Defense Defense Time % Phy DF OF
1 Dante Fabbro Kaiden Guhle 50 1 2 2
2 Jordan Harris Dylan Samberg 50 1 2 2
Penalty Kill - 3 Players Forward
Forward Time % Phy DF OF
1 Connor McDavid 50 1 2 2
2 Nick Suzuki 50 1 2 2
Penalty Kill - 3 Players Defense
Defense Defense Time % Phy DF OF
1 Dante Fabbro Jordan Harris 50 1 2 2
2 Kaiden Guhle Ty Smith 50 1 2 2
4 vs 4 Forward
Center Wing Time % Phy DF OF
1 Connor McDavid Nick Suzuki 50 1 2 2
2 Alex DeBrincat Lucas Raymond 50 1 2 2
4 vs 4 Defense
Defense Defense Time % Phy DF OF
1 Dante Fabbro Dylan Samberg 50 1 2 2
2 Kaiden Guhle Jordan Harris 50 1 2 2
Last Minutes Offensive
Center Left Wing Right Wing Defense Defense
Connor McDavid Alex DeBrincat Lucas Raymond Dante Fabbro Kaiden Guhle
Last Minutes Defensive
Center Left Wing Right Wing Defense Defense
Connor McDavid Alex DeBrincat Lucas Raymond Dante Fabbro Kaiden Guhle
Goaltenders
Starting : Spencer Knight
Backup : Ukko-Pekka Luukkonen
Extra Forwards
Normal : Matthew Beniers, Barclay Goodrow, Joel Armia - PP : Matthew Beniers, Barclay Goodrow - PK : Joel Armia
Extra Defensemen
Normal : Dylan Samberg, Jordan Harris, Dante Fabbro - PP : Dylan Samberg - PK : Jordan Harris, Dante Fabbro
Penalty Shots
Connor McDavid, Nick Suzuki, Alex DeBrincat, Lucas Raymond, Matthew Beniers
% Time on Ice - Vancouver Canucks
Lines # - Real PCT - Wanted PCT - Time Play
Normal Forward
1 - 30% - 30% - 15:17
2 - 30% - 30% - 15:18
3 - 24% - 25% - 12:12
4 - 17% - 15% - 8:50
Normal Defense
1 - 29% - 30% - 14:57
2 - 29% - 30% - 14:54
3 - 31% - 25% - 16:00
4 - 11% - 15% - 5:46
PP Forward
1 - 50% - 50% - 3:00
2 - 50% - 50% - 2:57
PP Defense
1 - 52% - 50% - 3:07
2 - 48% - 50% - 2:50
PK Forward
1 - 48% - 50% - 0:57
2 - 52% - 50% - 1:02
PK Defense
1 - 70% - 50% - 1:23
2 - 30% - 50% - 0:36
PK3 Forward
1 - 0% - 50%
2 - 0% - 50%
PK3 Defense
1 - 0% - 50%
2 - 0% - 50%
44 Forward
1 - 0% - 50%
2 - 0% - 50%
44 Defense
1 - 0% - 50%
2 - 0% - 50%
Last Minute Offensive - 0:00
Last Minute Defensive - 0:27
Total
Forward - 60:00
Defense - 60:00
|
% Time on Ice - Winnipeg Jets
Lines # - Real PCT - Wanted PCT - Time Play
Normal Forward
1 - 31% - 30% - 16:02
2 - 28% - 30% - 14:27
3 - 25% - 25% - 12:49
4 - 16% - 15% - 8:30
Normal Defense
1 - 30% - 30% - 15:41
2 - 30% - 30% - 15:34
3 - 27% - 25% - 13:50
4 - 13% - 15% - 6:43
PP Forward
1 - 47% - 50% - 0:56
2 - 53% - 50% - 1:03
PP Defense
1 - 48% - 50% - 0:57
2 - 52% - 50% - 1:02
PK Forward
1 - 50% - 50% - 3:00
2 - 50% - 50% - 2:57
PK Defense
1 - 49% - 50% - 2:56
2 - 51% - 50% - 3:01
PK3 Forward
1 - 0% - 50%
2 - 0% - 50%
PK3 Defense
1 - 0% - 50%
2 - 0% - 50%
44 Forward
1 - 0% - 50%
2 - 0% - 50%
44 Defense
1 - 0% - 50%
2 - 0% - 50%
Last Minute Offensive - 0:16
Last Minute Defensive - 0:00
Total
Forward - 60:00
Defense - 60:00
|
Play-by-Play
1st period
0:01 of 1st period - Aleksander Barkov wins face-off versus Lucas Raymond in neutral zone.
0:08 of 1st period - Backhand shot by Aleksander Barkov.
0:08 of 1st period - Stopped by Spencer Knight without a rebound.
0:09 of 1st period - Aleksander Barkov wins face-off versus Connor McDavid in Winnipeg Jets zone.
0:22 of 1st period - Snap shot by Lucas Raymond.
0:22 of 1st period - Stopped by Joonas Korpisalo with a rebound.
0:24 of 1st period - Snap shot by Connor McDavid.
0:24 of 1st period - Stopped by Joonas Korpisalo with a rebound.
0:26 of 1st period - Slapshot by Kaiden Guhle.
0:26 of 1st period - Stopped by Joonas Korpisalo with a rebound.
0:28 of 1st period - Slapshot by Dante Fabbro.
0:28 of 1st period - Stopped by Joonas Korpisalo with a rebound.
0:30 of 1st period - Slapshot by Dante Fabbro.
0:30 of 1st period - Deflect By Connor McDavid.
0:30 of 1st period - Shot Blocked by Aleksander Barkov.
0:30 of 1st period - Puck is out of play.
0:31 of 1st period - Robby Fabbri wins face-off versus Nick Suzuki in Vancouver Canucks zone.
0:41 of 1st period - Off-side.
0:42 of 1st period - Jesperi Kotkaniemi wins face-off versus Matthew Beniers in neutral zone.
0:49 of 1st period - Snap shot by Taylor Raddysh.
0:49 of 1st period - Shot Blocked by Jordan Harris.
1:29 of 1st period - Snap shot by Sam Lafferty.
1:29 of 1st period - Stopped by Spencer Knight with a rebound.
1:51 of 1st period - Snap shot by Connor McDavid.
1:51 of 1st period - Stopped by Joonas Korpisalo without a rebound.
1:52 of 1st period - Aleksander Barkov wins face-off versus Alex DeBrincat in Vancouver Canucks zone.
2:31 of 1st period - Wrist shot by Lucas Raymond.
2:31 of 1st period - Stopped by Joonas Korpisalo without a rebound.
2:32 of 1st period - Matthew Beniers wins face-off versus Robby Fabbri in Vancouver Canucks zone.
2:43 of 1st period - Backhand shot by Artturi Lehkonen.
2:43 of 1st period - Shot Misses the Net.
2:45 of 1st period - Slapshot by Miro Heiskanen.
2:45 of 1st period - Shot Blocked by Dylan Samberg.
2:47 of 1st period - Slapshot by Kasperi Kapanen.
2:47 of 1st period - Deflect By Artturi Lehkonen.
2:47 of 1st period - Shot Misses the Net.
2:47 of 1st period - Puck is out of play.
2:48 of 1st period - Jesperi Kotkaniemi wins face-off versus Nick Suzuki in Winnipeg Jets zone.
3:37 of 1st period - Jacob Bryson is hit by Kaiden Guhle and loses puck.
3:52 of 1st period - Dante Fabbro is hit by Chad Ruhwedel and loses puck.
4:11 of 1st period - Wrist shot by Kaapo Kakko.
4:11 of 1st period - Shot Misses the Net.
4:13 of 1st period - Slapshot by Jordan Harris.
4:13 of 1st period - Stopped by Joonas Korpisalo with a rebound.
4:30 of 1st period - Slapshot by Connor McDavid.
4:30 of 1st period - Stopped by Joonas Korpisalo with a rebound.
5:12 of 1st period - Wrist shot by Mikko Rantanen.
5:12 of 1st period - Stopped by Spencer Knight with a rebound.
5:24 of 1st period - Snap shot by Mikko Rantanen.
5:24 of 1st period - Stopped by Spencer Knight with a rebound.
5:34 of 1st period - Slapshot by Nick Suzuki.
5:34 of 1st period - Shot Misses the Net.
5:36 of 1st period - Snap shot by Pius Suter.
5:36 of 1st period - Deflect By Klim Kostin.
5:36 of 1st period - Stopped by Joonas Korpisalo with a rebound.
5:38 of 1st period - Slapshot by Dylan Samberg.
5:38 of 1st period - Shot Misses the Net.
5:40 of 1st period - Snap shot by Klim Kostin.
5:40 of 1st period - Deflect By Pius Suter.
5:40 of 1st period - Stopped by Joonas Korpisalo without a rebound.
5:41 of 1st period - Robby Fabbri wins face-off versus Sam Steel in Vancouver Canucks zone.
5:56 of 1st period - Slapshot by Pius Suter.
5:56 of 1st period - Shot Blocked by Noah Hanifin.
5:58 of 1st period - Wrist shot by Klim Kostin.
5:58 of 1st period - Shot Misses the Net.
6:11 of 1st period - Icing by Robby Fabbri.
6:12 of 1st period - Connor McDavid wins face-off versus Robby Fabbri in Vancouver Canucks zone.
6:17 of 1st period - Wrist shot by Connor McDavid.
6:17 of 1st period - Shot Misses the Net.
6:27 of 1st period - Snap shot by Connor McDavid.
6:27 of 1st period - Shot Misses the Net.
6:29 of 1st period - Backhand shot by Lucas Raymond.
6:29 of 1st period - Shot Blocked by Kasperi Kapanen.
6:39 of 1st period - Slapshot by Matthew Beniers.
6:39 of 1st period - Shot Misses the Net.
6:41 of 1st period - Slapshot by Ty Smith.
6:41 of 1st period - Shot Misses the Net.
6:47 of 1st period - Snap shot by Barclay Goodrow.
6:47 of 1st period - Shot Misses the Net.
6:49 of 1st period - Slapshot by Jordan Harris.
6:49 of 1st period - Shot Misses the Net.
6:51 of 1st period - Snap shot by Joel Armia.
6:51 of 1st period - Shot Misses the Net.
7:05 of 1st period - Artturi Lehkonen is hit by Kaiden Guhle and loses puck.
8:33 of 1st period - Snap shot by Klim Kostin.
8:33 of 1st period - Stopped by Joonas Korpisalo with a rebound.
8:35 of 1st period - Slapshot by Dylan Samberg.
8:35 of 1st period - Shot Misses the Net.
8:37 of 1st period - Slapshot by Pius Suter.
8:37 of 1st period - Stopped by Joonas Korpisalo with a rebound.
9:50 of 1st period - Clayton Keller is hit by Klim Kostin and loses puck.
10:27 of 1st period - Wrist shot by Nick Suzuki.
10:27 of 1st period - Stopped by Joonas Korpisalo with a rebound.
10:54 of 1st period - Barclay Goodrow is hit by Artturi Lehkonen and loses puck.
11:10 of 1st period - Slapshot by Calen Addison.
11:10 of 1st period - Shot Blocked by Sam Lafferty.
11:12 of 1st period - Slapshot by Calen Addison.
11:12 of 1st period - Deflect By Barclay Goodrow.
11:12 of 1st period - Shot Misses the Net.
11:12 of 1st period - Puck is out of play.
11:13 of 1st period - Nick Suzuki wins face-off versus Aleksander Barkov in Vancouver Canucks zone.
11:50 of 1st period - Andrew Cogliano is hit by Sam Lafferty and loses puck.
11:55 of 1st period - Snap shot by Noah Cates.
11:55 of 1st period - Stopped by Spencer Knight without a rebound.
11:56 of 1st period - Jesperi Kotkaniemi wins face-off versus Connor McDavid in Winnipeg Jets zone.
11:57 of 1st period - Wrist shot by Casey Mittelstadt.
11:57 of 1st period - Shot Misses the Net.
12:09 of 1st period - Alex DeBrincat is hit by Adam Boqvist and loses puck.
12:44 of 1st period - Snap shot by Lucas Raymond.
12:44 of 1st period - Stopped by Joonas Korpisalo with a rebound.
12:47 of 1st period - Icing by Noah Hanifin.
12:48 of 1st period - Robby Fabbri wins face-off versus Matthew Beniers in Vancouver Canucks zone.
13:38 of 1st period - Wrist shot by Sam Steel.
13:38 of 1st period - Shot Misses the Net.
13:40 of 1st period - Slapshot by Kaiden Guhle.
13:40 of 1st period - Shot Blocked by Taylor Raddysh.
14:26 of 1st period - Snap shot by Casey Mittelstadt.
14:26 of 1st period - Deflect By Taylor Raddysh.
14:26 of 1st period - Deflect By Connor McDavid.
14:26 of 1st period - Stopped by Spencer Knight without a rebound.
14:27 of 1st period - Connor McDavid wins face-off versus Jesperi Kotkaniemi in Winnipeg Jets zone.
14:27 of 1st period - Connor McDavid is hit by Taylor Raddysh.
14:48 of 1st period - Slapshot by Jesperi Kotkaniemi.
14:48 of 1st period - Stopped by Spencer Knight with a rebound.
14:50 of 1st period - Wrist shot by Jesperi Kotkaniemi.
14:50 of 1st period - Stopped by Spencer Knight without a rebound.
14:51 of 1st period - Aleksander Barkov wins face-off versus Matthew Beniers in Winnipeg Jets zone.
17:05 of 1st period - Dante Fabbro is hit by Noah Hanifin and loses puck.
17:30 of 1st period - Anton Lundell is hit by Klim Kostin.
17:38 of 1st period - Pius Suter is hit by Sam Lafferty and loses puck.
17:53 of 1st period - Slapshot by Miro Heiskanen.
17:53 of 1st period - Stopped by Spencer Knight without a rebound.
17:54 of 1st period - Nick Suzuki wins face-off versus Robby Fabbri in Winnipeg Jets zone.
18:28 of 1st period - Snap shot by Lucas Raymond.
18:28 of 1st period - Stopped by Joonas Korpisalo without a rebound.
18:29 of 1st period - Matthew Beniers wins face-off versus Robby Fabbri in Vancouver Canucks zone.
18:56 of 1st period - Connor McDavid is hit by Aleksander Barkov and loses puck.
19:01 of 1st period - Snap shot by Aleksander Barkov.
19:01 of 1st period - Shot Misses the Net.
19:03 of 1st period - Snap shot by Clayton Keller.
19:03 of 1st period - Shot Misses the Net.
19:35 of 1st period - Snap shot by Connor McDavid.
19:35 of 1st period - Stopped by Joonas Korpisalo with a rebound.
19:58 of 1st period - Slapshot by Miro Heiskanen.
19:58 of 1st period - Stopped by Spencer Knight with a rebound.
Goals for this period are 0 for Vancouver Canucks vs 0 for Winnipeg Jets.
Shots for this period are 10 for Vancouver Canucks vs 16 for Winnipeg Jets.
2nd period
0:01 of 2nd period - Nick Suzuki wins face-off versus Mikko Rantanen in neutral zone.
0:26 of 2nd period - Kaiden Guhle is hit by Taylor Raddysh and loses puck.
1:27 of 2nd period - Jordan Harris is hit by Aleksander Barkov and loses puck.
1:32 of 2nd period - Slapshot by Aleksander Barkov.
1:32 of 2nd period - Stopped by Spencer Knight with a rebound.
1:34 of 2nd period - Slapshot by Chad Ruhwedel.
1:34 of 2nd period - Stopped by Spencer Knight without a rebound.
1:35 of 2nd period - Aleksander Barkov wins face-off versus Matthew Beniers in Winnipeg Jets zone.
1:50 of 2nd period - Joel Armia is hit by Aleksander Barkov and loses puck.
2:01 of 2nd period - Jesperi Kotkaniemi is hit by Kaiden Guhle and loses puck.
2:06 of 2nd period - Snap shot by Nick Suzuki.
2:06 of 2nd period - Stopped by Joonas Korpisalo without a rebound.
2:07 of 2nd period - Andrew Cogliano wins face-off versus Robby Fabbri in Vancouver Canucks zone.
2:12 of 2nd period - Slapshot by Kaapo Kakko.
2:12 of 2nd period - Stopped by Joonas Korpisalo without a rebound.
2:13 of 2nd period - Nick Suzuki wins face-off versus Robby Fabbri in Vancouver Canucks zone.
3:05 of 2nd period - Slapshot by Artturi Lehkonen.
3:05 of 2nd period - Stopped by Spencer Knight with a rebound.
3:07 of 2nd period - Slapshot by Artturi Lehkonen.
3:07 of 2nd period - Shot Blocked by Kaapo Kakko.
3:27 of 2nd period - Slapshot by Artturi Lehkonen.
3:27 of 2nd period - Stopped by Spencer Knight with a rebound.
3:29 of 2nd period - Snap shot by Robby Fabbri.
3:29 of 2nd period - Goal by Robby Fabbri - Vancouver Canucks : 1 - Winnipeg Jets : 0.
3:30 of 2nd period - Jesperi Kotkaniemi wins face-off versus Matthew Beniers in neutral zone.
3:59 of 2nd period - Off-side.
4:00 of 2nd period - Connor McDavid wins face-off versus Aleksander Barkov in neutral zone.
4:03 of 2nd period - Mikko Rantanen is hit by Lucas Raymond and loses puck.
4:30 of 2nd period - Snap shot by Clayton Keller.
4:30 of 2nd period - Stopped by Spencer Knight without a rebound.
4:31 of 2nd period - Matthew Beniers wins face-off versus Jesperi Kotkaniemi in Winnipeg Jets zone.
5:08 of 2nd period - Wrist shot by Nick Suzuki.
5:08 of 2nd period - Deflect By Kaapo Kakko.
5:08 of 2nd period - Stopped by Joonas Korpisalo without a rebound.
5:09 of 2nd period - Connor McDavid wins face-off versus Clayton Keller in Vancouver Canucks zone.
5:10 of 2nd period - Wrist shot by Lucas Raymond.
5:10 of 2nd period - Stopped by Joonas Korpisalo without a rebound.
5:11 of 2nd period - Aleksander Barkov wins face-off versus Connor McDavid in Vancouver Canucks zone.
6:06 of 2nd period - Wrist shot by Robby Fabbri.
6:06 of 2nd period - Stopped by Spencer Knight with a rebound.
6:08 of 2nd period - Backhand shot by Miro Heiskanen.
6:08 of 2nd period - Shot Misses the Net.
6:10 of 2nd period - Slapshot by Miro Heiskanen.
6:10 of 2nd period - Shot Blocked by Dante Fabbro.
6:26 of 2nd period - Slapshot by Aleksander Barkov.
6:26 of 2nd period - Deflect By Mikko Rantanen.
6:26 of 2nd period - Stopped by Spencer Knight with a rebound.
6:30 of 2nd period - Wrist shot by Aleksander Barkov.
6:30 of 2nd period - Goal by Aleksander Barkov - Vancouver Canucks : 2 - Winnipeg Jets : 0.
6:31 of 2nd period - Matthew Beniers wins face-off versus Jesperi Kotkaniemi in neutral zone.
6:36 of 2nd period - Wrist shot by Barclay Goodrow.
6:36 of 2nd period - Stopped by Joonas Korpisalo with a rebound.
7:02 of 2nd period - Miro Heiskanen is hit by Kaiden Guhle and loses puck.
7:44 of 2nd period - Slapshot by Noah Cates.
7:44 of 2nd period - Shot Misses the Net.
7:46 of 2nd period - Snap shot by Sam Lafferty.
7:46 of 2nd period - Stopped by Spencer Knight with a rebound.
7:56 of 2nd period - Dante Fabbro is hit by Justin Schultz and loses puck.
8:05 of 2nd period - Snap shot by Casey Mittelstadt.
8:05 of 2nd period - Stopped by Spencer Knight without a rebound.
8:06 of 2nd period - Matthew Beniers wins face-off versus Aleksander Barkov in Winnipeg Jets zone.
8:06 of 2nd period - Matthew Beniers is hit by Aleksander Barkov.
8:52 of 2nd period - Wrist shot by Clayton Keller.
8:52 of 2nd period - Shot Misses the Net.
8:54 of 2nd period - Snap shot by Mikko Rantanen.
8:54 of 2nd period - Deflect By Aleksander Barkov.
8:54 of 2nd period - Shot Misses the Net.
8:54 of 2nd period - Puck is out of play.
8:55 of 2nd period - Connor McDavid wins face-off versus Taylor Raddysh in Winnipeg Jets zone.
8:55 of 2nd period - Connor McDavid is hit by Noah Hanifin.
9:03 of 2nd period - Snap shot by Alex DeBrincat.
9:03 of 2nd period - Shot Blocked by Justin Schultz.
9:28 of 2nd period - Snap shot by Barclay Goodrow.
9:28 of 2nd period - Stopped by Joonas Korpisalo with a rebound.
10:06 of 2nd period - Joel Armia is hit by Casey Mittelstadt and loses puck.
10:12 of 2nd period - Off-side.
10:13 of 2nd period - Connor McDavid wins face-off versus Aleksander Barkov in neutral zone.
10:40 of 2nd period - Noah Hanifin is hit by Kaapo Kakko and loses puck.
11:21 of 2nd period - Pius Suter is hit by Taylor Raddysh and loses puck.
11:28 of 2nd period - Wrist shot by Taylor Raddysh.
11:28 of 2nd period - Stopped by Spencer Knight with a rebound.
11:42 of 2nd period - Justin Schultz is hit by Alex DeBrincat and loses puck.
12:05 of 2nd period - Snap shot by Noah Cates.
12:05 of 2nd period - Shot Blocked by Dante Fabbro.
12:07 of 2nd period - Wrist shot by Sam Lafferty.
12:07 of 2nd period - Deflect By Noah Cates.
12:07 of 2nd period - Deflect By Connor McDavid.
12:07 of 2nd period - Shot Misses the Net.
12:07 of 2nd period - Puck is out of play.
12:08 of 2nd period - Matthew Beniers wins face-off versus Noah Cates in Winnipeg Jets zone.
12:18 of 2nd period - Minor Penalty to Calen Addison for Tripping.
12:19 of 2nd period - Aleksander Barkov wins face-off versus Connor McDavid in Winnipeg Jets zone.
12:19 of 2nd period - Snap shot by Mikko Rantanen.
12:19 of 2nd period - Shot Blocked by Jordan Harris.
13:46 of 2nd period - Icing by Aleksander Barkov.
13:47 of 2nd period - Aleksander Barkov wins face-off versus Alex DeBrincat in Vancouver Canucks zone.
14:11 of 2nd period - Icing by Mikko Rantanen.
14:12 of 2nd period - Aleksander Barkov wins face-off versus Connor McDavid in Vancouver Canucks zone.
14:18 of 2nd period - Penalty to Calen Addison is over, Calen Addison is back on ice.
14:46 of 2nd period - Klim Kostin is hit by Chad Ruhwedel and loses puck.
16:03 of 2nd period - Wrist shot by Nick Suzuki.
16:03 of 2nd period - Stopped by Joonas Korpisalo without a rebound.
16:04 of 2nd period - Connor McDavid wins face-off versus Taylor Raddysh in Vancouver Canucks zone.
16:35 of 2nd period - Off-side.
16:36 of 2nd period - Sam Steel wins face-off versus Robby Fabbri in neutral zone.
17:01 of 2nd period - Artturi Lehkonen is hit by Barclay Goodrow and loses puck.
17:06 of 2nd period - Snap shot by Matthew Beniers.
17:06 of 2nd period - Stopped by Joonas Korpisalo with a rebound.
17:12 of 2nd period - Snap shot by Artturi Lehkonen.
17:12 of 2nd period - Shot Blocked by Dylan Samberg.
17:14 of 2nd period - Wrist shot by Kasperi Kapanen.
17:14 of 2nd period - Stopped by Spencer Knight with a rebound.
17:57 of 2nd period - Wrist shot by Artturi Lehkonen.
17:57 of 2nd period - Shot Misses the Net.
17:59 of 2nd period - Slapshot by Kasperi Kapanen.
17:59 of 2nd period - Stopped by Spencer Knight without a rebound.
18:00 of 2nd period - Connor McDavid wins face-off versus Aleksander Barkov in Winnipeg Jets zone.
18:21 of 2nd period - Aleksander Barkov is hit by Lucas Raymond and loses puck.
18:59 of 2nd period - Icing by Lucas Raymond.
19:00 of 2nd period - Connor McDavid wins face-off versus Jesperi Kotkaniemi in Winnipeg Jets zone.
19:12 of 2nd period - Off-side.
19:13 of 2nd period - Nick Suzuki wins face-off versus Jesperi Kotkaniemi in neutral zone.
19:29 of 2nd period - Minor Penalty to Noah Hanifin for Holding.
19:30 of 2nd period - Aleksander Barkov wins face-off versus Kaapo Kakko in Vancouver Canucks zone.
Goals for this period are 2 for Vancouver Canucks vs 0 for Winnipeg Jets.
Shots for this period are 14 for Vancouver Canucks vs 8 for Winnipeg Jets.
3rd period
0:01 of 3rd period - Clayton Keller wins face-off versus Connor McDavid in neutral zone.
1:29 of 3rd period - Penalty to Noah Hanifin is over, Noah Hanifin is back on ice.
1:35 of 3rd period - Slapshot by Clayton Keller.
1:35 of 3rd period - Stopped by Spencer Knight with a rebound.
1:37 of 3rd period - Wrist shot by Clayton Keller.
1:37 of 3rd period - Shot Blocked by Joel Armia.
1:39 of 3rd period - Backhand shot by Artturi Lehkonen.
1:39 of 3rd period - Stopped by Spencer Knight with a rebound.
1:41 of 3rd period - Slapshot by Artturi Lehkonen.
1:41 of 3rd period - Stopped by Spencer Knight with a rebound.
1:43 of 3rd period - Snap shot by Artturi Lehkonen.
1:43 of 3rd period - Stopped by Spencer Knight with a rebound.
1:45 of 3rd period - Snap shot by Artturi Lehkonen.
1:45 of 3rd period - Stopped by Spencer Knight with a rebound.
1:47 of 3rd period - Slapshot by Adam Boqvist.
1:47 of 3rd period - Shot Misses the Net.
2:13 of 3rd period - Wrist shot by Artturi Lehkonen.
2:13 of 3rd period - Shot Misses the Net.
2:21 of 3rd period - Snap shot by Clayton Keller.
2:21 of 3rd period - Stopped by Spencer Knight without a rebound.
2:22 of 3rd period - Jesperi Kotkaniemi wins face-off versus Nick Suzuki in Winnipeg Jets zone.
2:28 of 3rd period - Minor Penalty to Ty Smith for Hooking.
2:29 of 3rd period - Alex DeBrincat wins face-off versus Taylor Raddysh in Winnipeg Jets zone.
2:42 of 3rd period - Off-side.
2:43 of 3rd period - Connor McDavid wins face-off versus Aleksander Barkov in neutral zone.
2:48 of 3rd period - Snap shot by Dante Fabbro.
2:48 of 3rd period - Stopped by Joonas Korpisalo with a rebound.
4:28 of 3rd period - Penalty to Ty Smith is over, Ty Smith is back on ice.
4:38 of 3rd period - Slapshot by Sam Lafferty.
4:38 of 3rd period - Stopped by Spencer Knight without a rebound.
4:39 of 3rd period - Noah Cates wins face-off versus Sam Steel in Winnipeg Jets zone.
5:00 of 3rd period - Anton Lundell is hit by Calen Addison.
6:49 of 3rd period - Wrist shot by Nick Suzuki.
6:49 of 3rd period - Shot Blocked by Aleksander Barkov.
7:03 of 3rd period - Snap shot by Mikko Rantanen.
7:03 of 3rd period - Stopped by Spencer Knight without a rebound.
7:04 of 3rd period - Connor McDavid wins face-off versus Jesperi Kotkaniemi in Winnipeg Jets zone.
7:04 of 3rd period - Connor McDavid is hit by Jesperi Kotkaniemi.
7:10 of 3rd period - Justin Schultz is hit by Connor McDavid and loses puck.
8:11 of 3rd period - Jacob Bryson is hit by Matthew Beniers and loses puck.
8:59 of 3rd period - Snap shot by Aleksander Barkov.
8:59 of 3rd period - Deflect By Clayton Keller.
8:59 of 3rd period - Stopped by Spencer Knight without a rebound.
9:00 of 3rd period - Aleksander Barkov wins face-off versus Connor McDavid in Winnipeg Jets zone.
9:24 of 3rd period - Icing by Connor McDavid.
9:25 of 3rd period - Connor McDavid wins face-off versus Artturi Lehkonen in Winnipeg Jets zone.
10:13 of 3rd period - Icing by Aleksander Barkov.
10:14 of 3rd period - Aleksander Barkov wins face-off versus Lucas Raymond in Vancouver Canucks zone.
10:25 of 3rd period - Wrist shot by Casey Mittelstadt.
10:25 of 3rd period - Stopped by Spencer Knight with a rebound.
10:58 of 3rd period - Noah Cates is hit by Nick Suzuki and loses puck.
11:13 of 3rd period - Slapshot by Nick Suzuki.
11:13 of 3rd period - Stopped by Joonas Korpisalo with a rebound.
11:15 of 3rd period - Snap shot by Nick Suzuki.
11:15 of 3rd period - Shot Misses the Net.
11:17 of 3rd period - Slapshot by Dante Fabbro.
11:17 of 3rd period - Shot Blocked by Miro Heiskanen.
11:19 of 3rd period - Slapshot by Andrew Cogliano.
11:19 of 3rd period - Stopped by Joonas Korpisalo with a rebound.
11:31 of 3rd period - Snap shot by Nick Suzuki.
11:31 of 3rd period - Stopped by Joonas Korpisalo with a rebound.
11:33 of 3rd period - Snap shot by Kaapo Kakko.
11:33 of 3rd period - Shot Misses the Net.
11:35 of 3rd period - Snap shot by Kaapo Kakko.
11:35 of 3rd period - Stopped by Joonas Korpisalo with a rebound.
11:37 of 3rd period - Slapshot by Kaiden Guhle.
11:37 of 3rd period - Stopped by Joonas Korpisalo without a rebound.
11:38 of 3rd period - Lucas Raymond wins face-off versus Aleksander Barkov in Vancouver Canucks zone.
12:36 of 3rd period - Slapshot by Lucas Raymond.
12:36 of 3rd period - Deflect By Connor McDavid.
12:36 of 3rd period - Stopped by Joonas Korpisalo with a rebound.
12:38 of 3rd period - Slapshot by Jordan Harris.
12:38 of 3rd period - Shot Blocked by Kasperi Kapanen.
12:40 of 3rd period - Slapshot by Lucas Raymond.
12:40 of 3rd period - Goal by Lucas Raymond - Vancouver Canucks : 2 - Winnipeg Jets : 1.
12:41 of 3rd period - Nick Suzuki wins face-off versus Aleksander Barkov in neutral zone.
13:08 of 3rd period - Jacob Bryson is hit by Klim Kostin and loses puck.
13:15 of 3rd period - Backhand shot by Sam Steel.
13:15 of 3rd period - Stopped by Joonas Korpisalo with a rebound.
14:08 of 3rd period - Off-side.
14:09 of 3rd period - Klim Kostin wins face-off versus Aleksander Barkov in neutral zone.
14:14 of 3rd period - Slapshot by Sam Steel.
14:14 of 3rd period - Shot Misses the Net.
14:24 of 3rd period - Snap shot by Klim Kostin.
14:24 of 3rd period - Shot Hit the Post.
14:45 of 3rd period - Snap shot by Taylor Raddysh.
14:45 of 3rd period - Stopped by Spencer Knight without a rebound.
14:46 of 3rd period - Alex DeBrincat wins face-off versus Aleksander Barkov in Winnipeg Jets zone.
15:15 of 3rd period - Wrist shot by Clayton Keller.
15:15 of 3rd period - Stopped by Spencer Knight without a rebound.
15:16 of 3rd period - Matthew Beniers wins face-off versus Jesperi Kotkaniemi in Winnipeg Jets zone.
15:16 of 3rd period - Matthew Beniers is hit by Casey Mittelstadt.
15:44 of 3rd period - Mikko Rantanen is hit by Klim Kostin and loses puck.
16:25 of 3rd period - Robby Fabbri is hit by Kaiden Guhle and loses puck.
16:32 of 3rd period - Snap shot by Kaapo Kakko.
16:32 of 3rd period - Deflect By Nick Suzuki.
16:32 of 3rd period - Shot Misses the Net.
16:32 of 3rd period - Puck is out of play.
16:33 of 3rd period - Matthew Beniers wins face-off versus Jesperi Kotkaniemi in Vancouver Canucks zone.
17:24 of 3rd period - Slapshot by Miro Heiskanen.
17:24 of 3rd period - Stopped by Spencer Knight with a rebound.
17:26 of 3rd period - Minor Penalty to Klim Kostin for Hooking.
17:27 of 3rd period - Artturi Lehkonen wins face-off versus Alex DeBrincat in Winnipeg Jets zone.
19:11 of 3rd period - Icing by Miro Heiskanen.
19:12 of 3rd period - Aleksander Barkov wins face-off versus Alex DeBrincat in Vancouver Canucks zone.
19:26 of 3rd period - Penalty to Klim Kostin is over, Klim Kostin is back on ice.
19:43 of 3rd period - Wrist shot by Aleksander Barkov.
19:43 of 3rd period - Deflect By Mikko Rantanen.
19:43 of 3rd period - Shot Misses the Net.
19:43 of 3rd period - Puck is out of play.
19:44 of 3rd period - Barry Trotz call a timeout for Winnipeg Jets.
19:44 of 3rd period - Aleksander Barkov wins face-off versus Connor McDavid in Winnipeg Jets zone.
19:59 of 3rd period - Winnipeg Jets, Spencer Knight is pulled from the net.
Goals for this period are 0 for Vancouver Canucks vs 1 for Winnipeg Jets.
Shots for this period are 13 for Vancouver Canucks vs 9 for Winnipeg Jets.
Back to the Top